woodfighter, chaotic female human Wizard --------- |.......| |...<...| |.......| |.......| --|------ #### ### ### # f# @ h . |. |. --- woodfighter the Thaumaturge Experience level: 8 Strength: 14 Dexterity: 15 Constitution: 17 Intelligence: 19 Wisdom: 14 Charisma: 8 Health: 0(55) Energy: 84(84) Def: 9 Gold: 18 Moves: 8212 Dungeon seed: mUh-cOlDz-gTLxod Game ID: woodfighter_1558037004 Your Inventory: Coins $ - 18 gold pieces Amulets K - an uncursed amulet of reflection (being worn) Weapons a - a blessed corroded +4 dagger named Dagger of Sorrow (weapon in hand) t - a blessed +3 elven dagger named Dagger of Justice C - 5 blessed +4 daggers named Monster Slayer (in quiver) Armor e - an uncursed +0 cloak of magic resistance (being worn) n - a blessed +1 elven mithril-coat (being worn) o - an uncursed +0 elven leather helm (being worn) p - an uncursed +1 elven shield (being worn) r - an uncursed +0 dwarvish cloak x - an uncursed +0 dwarvish cloak I - a blessed +1 dwarvish cloak N - a cursed +0 dwarvish cloak O - an uncursed +0 dwarvish cloak Y - an uncursed +0 dwarvish mithril-coat Comestibles v - 3 uncursed food rations D - 2 uncursed eucalyptus leaves M - 2 uncursed tripe rations Scrolls A - an uncursed scroll of create monster Q - an uncursed scroll of enchant armor Spellbooks U - an uncursed spellbook of force bolt Potions F - a cursed potion of sickness P - an uncursed potion of confusion Wands d - a wand of lightning (0:6) f - a wand of digging (0:4) g - a wand of death (0:7) G - a wand of make invisible (0:1) Tools b - a frost horn (0:4) u - 6 uncursed wax candles (0:400) y - an uncursed skeleton key L - 6 uncursed tallow candles (0:200) W - an uncursed towel Gems q - 2 uncursed worthless pieces of green glass w - 2 uncursed rubies z - an uncursed worthless piece of red glass H - an uncursed worthless piece of yellowish brown glass J - an uncursed jasper V - an uncursed touchstone Spells and supernatural/magical abilities: Name Level Category Fail Memory a - force bolt 1 attack 100% 59% h - healing 1 healing 100% 59% m - magic missile 2 attack 70% 79% W - pray for help -- divine ? -- Your skills at the end: Miscellaneous Skills wands [Basic] Weapon Skills dagger [Basic] quarterstaff [Basic] Spellcasting Skills attack spells [Basic] enchantment spells [Basic] Final Attributes: You were piously aligned. You were sleep resistant. You were magic-protected. Your writing hand was ok. You were telepathic. You were somewhat stealthy. You had reflection. You are dead. Vanquished creatures: a ghost 2 giant mimics a large dog 2 Grey-elves 2 giant beetles a quivering blob a vampire bat a dingo a jaguar a blue jelly a dust vortex a raven 3 Woodland-elves a snake 4 human zombies a rope golem a fire ant a baby crocodile 3 Uruk-hai an orc shaman 2 fog clouds 2 shriekers 10 gnome lords 3 gray oozes 3 elf zombies a paper golem 5 giant ants 5 floating eyes 8 dwarves a homunculus 2 kobold lords a kobold shaman 6 iguanas 3 hill orcs a rothe 2 jitterbugs 3 giant bats a monkey 2 orc zombies 7 dwarf zombies a wererat a werejackal a gas spore 3 hobbits 3 acid blobs 3 large kobolds a gecko a hobgoblin 3 giant rats 13 cave spiders 4 brown molds a yellow mold a green mold a red mold 20 gnomes 9 garter snakes 9 manes a gnome zombie 6 jackals 3 foxes 4 kobolds 10 newts 4 goblins a sewer rat 3 grid bugs 5 bats 7 lichens 3 kobold zombies 220 creatures vanquished. Voluntary challenges: You did not cause conflict. You were not invisible. You did not have reflection until turn 5998. You were not displaced. You had been an atheist until turn 3946. You used a wielded weapon 292 times, starting on turn 2. You did not apply a unicorn horn. You did not use plumbed fixtures. You did not drink any magical draughts. You read items or engraved 4 times, starting on turn 3945. You never genocided any monsters. You never polymorphed an object. You never changed form. You completed Sokoban on turn 5873, according to the rules. You used no wishes. You never split a pudding. You never wrote Elbereth's name. You never violated your personal moral code. Dungeon overview: The Dungeons of Doom: levels 1 to 10 Level 1 (box) a long staircase Level 2 a delicatessen Level 3 stairs to The Gnomish Mines Level 4 a sink Level 5 (stash) Level 6 a general store, a fountain, a sink Level 7 (stash + throne) a fountain, a throne Level 8 many fountains Level 9 a fountain stairs to Sokoban Level 10 The Gnomish Mines: levels 4 to 7 Level 4 stairs to The Dungeons of Doom Level 5 Level 6 (unicorn + mind flayer) Level 7 <- You were here Sokoban: levels 5 to 8 Level 5 a magic chest Level 6 Level 7 Level 8 an altar to Thoth, a magic chest stairs to The Dungeons of Doom History has recorded: On T:1 you entered the Dungeons of Doom to retrieve the Amulet of Yendor! On T:56 you reached level 2 of The Dungeons of Doom. On T:320 you advanced to experience level 2. On T:536 you advanced to experience level 3. On T:547 you reached level 3 of The Dungeons of Doom. On T:797 you reached level 4 of The Dungeons of Doom. On T:967 you reached level 1 of The Gnomish Mines. On T:1240 you advanced to experience level 4. On T:1363 you reached level 5 of The Dungeons of Doom. On T:1607 you advanced to experience level 5. On T:1689 you reached level 6 of The Dungeons of Doom. On T:2216 you advanced to experience level 6. On T:2336 you reached level 7 of The Dungeons of Doom. On T:2739 you reached level 8 of The Dungeons of Doom. On T:3104 you reached level 9 of The Dungeons of Doom. On T:3466 you advanced to experience level 7. On T:3604 you reached level 10 of The Dungeons of Doom. On T:3699 you reached level 4 of Sokoban. On T:3934 you opened a magic chest. On T:4179 you reached level 3 of Sokoban. On T:4503 you reached level 2 of Sokoban. On T:4517 you prayed to Anhur. On T:5023 you reached level 1 of Sokoban. On T:5873 you advanced to experience level 8. On T:5873 you entered the Sokoban zoo. On T:7102 you reached level 2 of The Gnomish Mines. On T:7588 you prayed to Anhur. On T:7803 you reached level 3 of The Gnomish Mines. On T:8179 you reached level 4 of The Gnomish Mines. Score breakdown: Gold: 18 ( 1 points) Experience: 8 levels ( 700 points) Exploration: 10 levels ( 270 points) Discoveries: 36 items ( 1800 points) Variety of kills: 68 monsters ( 2000 points) Major goal: finished Sokoban ( 1000 points) Survival: died (score multiplied by 3) Total score: 17313 Latest messages: The door opens. You hear bubbling water. You displace your housecat. You stop exploring. You hear someone cursing shoplifters. The dwarf wields a broad short sword named Sword of Virtue! You stab the dwarf! You miss the dwarf. The dwarf thrusts her broad short sword named Sword of Virtue at you. The dwarf stabs you! You are beginning to feel hungry. You miss the dwarf. You stab the dwarf. The dwarf drinks a potion of extra healing! The dwarf looks much better. You miss the dwarf. (2x) The dwarf thrusts her broad short sword named Sword of Virtue at you. The dwarf misses. You miss the dwarf. You stab the dwarf! The dwarf thrusts her broad short sword named Sword of Virtue at you. The dwarf stabs you! You stab the dwarf! You miss the dwarf. The dwarf thrusts her broad short sword named Sword of Virtue at you. The dwarf stabs you! You die... Final status: Goodbye woodfighter the Wizard, killed by a dwarf... You died in The Gnomish Mines on dungeon level 7 with 17313 points, and 18 pieces of gold, after 8212 moves. You were level 8 with a maximum of 55 hit points when you died.